 Dungeon Crawl Stone Soup version 0.31-a0-43-g46d131a48f (webtiles) character file.

Game seed: 5943613229559893315

106 BlueFish the Charlatan (level 4, -2/37 HPs)
             Began as a Draconian Artificer on May 20, 2023.
             Killed by divine providence
             ... invoked by an orc priest
              (11 damage)
             ... on level 3 of the Dungeon.
             The game lasted 00:04:19 (2357 turns).

BlueFish the Charlatan (Draconian Artificer)        Turns: 2357, Time: 00:04:19

Health: -2/37      AC:  5    Str: 14    XL:     4   Next: 55%
Magic:  4/4        EV: 12    Int: 13    God:
Gold:   138        SH:  0    Dex: 12    Spells: 3/3 levels left

rFire   . . .        i - +0 short sword
rCold   . . .        (no shield)
rNeg    . . .        (body armour unavailable)
rPois   .            (helmet restricted)
rElec   .            w - scarf {shadows}
rCorr   .            (no gloves)
SInv    .            (no boots)
Will    .....        (no amulet)
Stlth   ++           (no ring)
HPRegen 0.26/turn    (no ring)
MPRegen 0.09/turn

%: no passive effects
@: no status effects
A: AC +5, unfitting armour, cold-blooded
a: no special abilities


You were on level 3 of the Dungeon.
You visited 1 branch of the dungeon, and saw 3 of its levels.

You collected 138 gold pieces.

Inventory:

Hand Weapons
 a - a +0 club
 g - a +0 whip
 i - a +0 short sword (weapon)
Armour
 w - a scarf of shadows (worn)
Wands
 b - a wand of flame (15) (quivered)
 c - a wand of charming (15)
 d - a wand of iceblast (5)
Scrolls
 e - a scroll of vulnerability {unknown}
 f - a scroll of fog {unknown}
 k - a scroll of teleportation {unknown}
 l - 2 scrolls of identify {unknown}
 m - 2 scrolls of amnesia {unknown}
 o - a scroll of poison {unknown}
 q - a scroll of butterflies {unknown}
 r - a scroll of torment {unknown}
 s - 2 scrolls of blinking
 t - 3 scrolls of enchant armour {unknown}
 u - a scroll of immolation {unknown}
Potions
 h - 2 potions of mutation {unknown}
 j - a potion of might {unknown}
 n - a potion of magic {unknown}
 p - a potion of lignification {unknown}
 v - a potion of flight {unknown}


   Skills:
 + Level 2.6 Fighting
 + Level 2.8 Dodging
 + Level 2.2 Stealth
 + Level 3.7 Evocations


You had 3 spell levels left.
You didn't know any spells.
Your spell library contained the following spells:

 Spells                   Type           Power      Damage    Failure   Level
 Necrotise                Necr           0%         1d4       30%         1
 Tukima's Dance           Hex            0%         N/A       67%         3
 Vampiric Draining        Necr           0%         2d6       67%         3
 Passage of Golubria      Tloc           0%         N/A       97%         4
 Agony                    Necr           0%         N/A       100%        5
 Yara's Violent Unravell  Hex/Tmut       0%         3d3       100%        5


Dungeon Overview and Level Annotations

Branches:
Dungeon (3/15)

Altars:

Shops:
D:3 [

Annotations:
D:3 3 runed translucent doors, BlueFish's ghost, amateur DrAr


Innate Abilities, Weirdness & Mutations

Your plain brown scales are hard. (AC +5)
You cannot fit into any form of body armour.
You are cold-blooded and may be slowed by cold attacks.


Message History

You hit the kobold.
The kobold is severely wounded.
The kobold closely misses you.
You closely miss the kobold.
The kobold is severely wounded.
The kobold hits you but does no damage.
You hit the kobold.
You kill the kobold!
t - 3 scrolls labelled SOPARUCRAT (gained 1)
Things that are here:
a +0 club; 11 stones You now have 138 gold pieces (gained 14).
Things that are here:
a +0 club; a +0 ring mail An orc and an orc priest come into view.
You start waiting.
An orc priest is nearby!
The orc priest misses you.
The orc shouts!
You hit the orc priest but do no damage.
Your tail-slap misses the orc priest.
The orc priest invokes the aid of Beogh against you.
Beogh smites you!
You hear an angry hiss.
You hear a shout!
You hit the orc priest.
The orc priest is lightly wounded.
A ball python comes into view.
The orc priest hits you with a +0 mace.
An orc comes into view. It is wielding a +0 hand axe.
An orc wizard comes into view. It is wielding a +0 dagger.
You hit the orc priest but do no damage.
The orc priest is lightly wounded.
The orc priest invokes the aid of Beogh against you.
Beogh smites you!
* * * LOW HITPOINT WARNING * * *
The ball python attacks as you move away!
The ball python closely misses you. The ball python barely misses you.
The orc priest invokes the aid of Beogh against you.
Beogh smites you!
You die...

.. .. ##o ..
##o# #o.#
###S########
#.@..)......
#####.#..)......
#.....#.........
#.....#.........
##
#.....#.........
.#
#.....#.........
##
#.....#.........
#
#.#####.........
# ####.#


You could see an orc priest, 2 orcs and a ball python.

Vanquished Creatures
  3 adders
  2 worms (D:2)
  A dart slug (D:1)
  4 orcs (D:3)
  4 bats
  2 endoplasms (D:3)
  2 giant cockroaches
  9 goblins
  9 hobgoblins
  3 jackals (D:2)
  3 kobolds
  A quokka (D:2)
  8 ball pythons
  4 frilled lizards
  4 rats
59 creatures vanquished.

Notes
Turn   | Place    | Note
-------+----------+-------------------------------------------
     0 | D:1      | BlueFish the Draconian Artificer began the quest for the
                  | Orb.
     0 | D:1      | Reached XP level 1. HP: 16/16 MP: 1/1
    35 | D:1      | Reached skill level 1 in Stealth
    99 | D:1      | Reached XP level 2. HP: 15/23 MP: 2/2
   671 | D:2      | Reached XP level 3. HP: 16/29 MP: 3/3
  1662 | D:2      | Reached XP level 4. HP: 35/36 MP: 4/4
  1924 | D:3      | Noticed a kobold brigand
  1924 | D:3      | Noticed BlueFish's ghost (amateur DrAr)
  1925 | D:3      | Found a runed translucent gate.
  1925 | D:3      | Found a runed translucent gate.
  1925 | D:3      | Found a runed translucent gate.
  2273 | D:3      | Found Dojeid's Antique Armour Shop.
  2357 | D:3      | Killed from afar by an orc priest

Illustrated notes

Levels and vault maps discovered:
D:1:      dpeg_arrival_fog, layout_rooms, minmay_misc_feat_pillars
D:2:      layout_basic, minmay_pentomino_r4
D:3:      layout_basic, fedhas_altar_3, gammafunk_ghost_nasty_kobolds,
          serial_shops, nicolae_shop_pleasant_corner_grove

Skill      XL: |  1  2  3 |
---------------+----------+-----
Stealth        | 1 2 |  2.2
Fighting       | 2 |  2.6
Dodging        | |  2.8
Evocations     | |  3.7

Action                     |  1- 3 |  4- 6 || total
---------------------------+-------+-------++-------
  Melee: Club              |    27 |       ||    27
         Tailslap          |    16 |     7 ||    23
         Short sword       |   144 |   112 ||   256
         Whip              |    14 |       ||    14
         Punch             |       |     2 ||     2
    Use: Scroll            |       |     2 ||     2
   Stab: Sleeping          |     2 |     1 ||     3
 Armour: Skin              |    46 |    34 ||    80
  Dodge: Dodged            |   132 |    70 ||   202

Table legend: (Time is in decaauts)
 A = Elapsed time spent in this place.
 B = Non-inter-level travel time spent in this place.
 C = Inter-level travel time spent in this place.
 D = Time resting spent in this place.
 E = Time spent auto-exploring this place.
 F = Levels seen in this place.
 G = Mean time per level.
                   A        B        C        D        E       F      G
               +--------+--------+--------+--------+--------+-----+--------+
         Total |   2365 |   2335 |     30 |      4 |   1744 |   3 |  788.3 |
       Dungeon |   2365 |   2335 |     30 |      4 |   1744 |   3 |  788.3 |
               +--------+--------+--------+--------+--------+-----+--------+

Top non-repeatable levels by time:
     D:2: 1283 daAuts
     D:1: 605 daAuts
     D:3: 476 daAuts
